 Dungeon Crawl Stone Soup version 0.32-a0-473-gd044c6f0f0 (webtiles) character file.

Game seed: 13274558991538217374

63 ragingrage the Charlatan (level 4, 0/33 HPs)
             Began as a Djinni Artificer on Feb 25, 2024.
             Slain by a quokka (5 damage)
             ... on level 2 of the Dungeon.
             The game lasted 00:03:24 (2072 turns).

ragingrage the Charlatan (Djinni Artificer)         Turns: 2072, Time: 00:03:24

Health: 0/33       AC:  0    Str: 11    XL:     4   Next: 30%
Gold:   116        EV: 12    Int: 14    God:
                   SH:  0    Dex: 14

rFire   + + .        m - +0 short sword
rCold   x . .        (no shield)
rNeg    . . .        (no body armour)
rPois   ∞            (no helmet)
rElec   .            (no cloak)
rCorr   .            (no gloves)
SInv    +            (boots unavailable)
Will    .....        (no amulet)
Stlth   ++           k - ring of see invisible
HPRegen 0.25/turn    (no ring)
MPRegen 0.00/turn

%: infuse magic (-1 HP)
@: flying
A: sickness immunity, fire resistance 2, cold vulnerability 1, float, innate
caster, HP casting, extra vitality 1
a: no special abilities


You were on level 2 of the Dungeon.
You visited 1 branch of the dungeon, and saw 2 of its levels.

You collected 116 gold pieces.

Inventory:

Hand Weapons
 g - a +0 dagger
 m - a +0 short sword (weapon)
Armour
 b - a +0 leather armour
 f - a scarf of shadows
 i - +0 storm dragon scales
Jewellery
 k - a ring of see invisible (left hand)
Wands
 c - a wand of flame (10) (quivered)
 d - a wand of charming (14)
 e - a wand of iceblast (5)
Scrolls
 a - a scroll of brand weapon {unknown}
 h - 5 scrolls of identify {unknown}
 j - a scroll of poison {unknown}
 l - a scroll of noise {unknown}


   Skills:
 - Level 2.0 Fighting
 - Level 1.0 Armour
 - Level 2.1 Dodging
 - Level 2.0 Stealth
 + Level 1.6 Spellcasting
 + Level 1.6 Conjurations
 + Level 1.6 Hexes
   Level 0.0 Charms
 + Level 1.6 Summonings
 + Level 1.6 Necromancy
 + Level 1.6 Translocations
   Level 0.0 Transmutations
 + Level 1.6 Fire Magic
 + Level 1.6 Ice Magic
 + Level 1.6 Air Magic
 + Level 1.6 Earth Magic
 + Level 1.6 Alchemy
 - Level 3.0 Evocations


You knew the following spells:

 Your Spells              Type           Power      Damage    Failure   Level
a - Magic Dart            Conj           20%        1d4       13%         1
Your spell library was empty.

Dungeon Overview and Level Annotations

Branches:
Dungeon (2/15)

Altars:

Shops:
D:2 (

Annotations:
D:2 Terence


Innate Abilities, Weirdness & Mutations

You are immune to sickness and miasma.
You are immune to poison.
Your flesh is very heat resistant. (rF++)
You are vulnerable to cold. (rC-)
You float through the air rather than walking.
You learn spells naturally, not from books.
Your magical power is your life essence.
You have superior vitality. (+4 MHP)


Message History

You closely miss the quokka. The quokka bites you. The quokka misses you.
You barely miss the quokka. You miss the adder. The adder closely misses you.
You hit the adder but do no damage. The adder misses you.
The adder barely misses you. The adder attacks as it pursues you!
The adder barely misses you. x2
The adder attacks as it pursues you! The adder bites you.
The adder attacks as it pursues you! The adder bites you.
The adder completely misses you.
You hit the adder. The adder bites you.
You hit the adder. The adder bites you. The adder closely misses you.
You closely miss the adder. The adder bites you.
You hit the adder. The adder barely misses you.
Okay, then.
The adder attacks as it pursues you! The adder bites you.
* * * LOW HITPOINT WARNING * * *
You hit the adder but do no damage. The adder closely misses you.
The adder bites you.
* * * LOW HITPOINT WARNING * * *
Aiming: Charm
Press: ? - help, Shift-Dir - straight line, f/p - adder
Aim: an adder (severely wounded, chance to affect: 65%)
The adder is charmed.
The quokka bites your adder.
Your adder dies!
Terence shouts, "Get ready for death!"
Terence looks scornfully at you. The quokka misses you.
The quokka attacks as it pursues you! The quokka bites you.
* * * LOW HITPOINT WARNING * * *
The quokka attacks as it pursues you! The quokka barely misses you.
The quokka bites you.
* * * LOW HITPOINT WARNING * * *
The quokka attacks as it pursues you! The quokka barely misses you.
Aiming: Throw Flame
Press: ? - help, Q - select action, (/) - cycle Shift-Dir - straight line, f - quokka
Aim: a quokka (60% to hit)
The puff of flame misses the quokka.
The quokka barely misses you. The quokka attacks as it pursues you!
The quokka bites you.
You die...

##.........####...##.########.
##.......## ##.###†# ##
##.....## ### #.# # ##...##
#.# # ##'## ##.# # ####.# #..#
# ....# #@## #..########## #.#
# ##...#....@r.# #g#
#.#.#......#####.# #.#
....@..........#.###.#
.#.##.<##.###...g.g.# #.###.#
###.##### #. #.# #.# ..
#.#####.# ### #.......#
#########


You could see a quokka.

Vanquished Creatures
  A dart slug (D:2)
  5 endoplasms
  A giant cockroach (D:2)
  4 goblins
  7 hobgoblins
  2 jackals (D:1)
  2 quokkas (D:1)
  11 ball pythons
  4 bats
  5 frilled lizards
  3 kobolds
  4 rats
49 creatures vanquished.

Vanquished Creatures (others)
  An adder (D:2)
1 creature vanquished.

Grand Total: 50 creatures vanquished

Notes
Turn   | Place    | Note
-------+----------+-------------------------------------------
     0 | D:1      | ragingrage the Djinni Artificer began the quest for the
                  | Orb.
     0 | D:1      | Reached XP level 1. HP: 17/17 MP: 0/0
    73 | D:1      | Reached skill level 1 in Stealth
   143 | D:1      | Reached XP level 2. HP: 7/22 MP: 0/0
   542 | D:1      | Reached XP level 3. HP: 20/28 MP: 0/0
   542 | D:1      | Learned a level 1 spell: Magic Dart
  1303 | D:2      | Reached skill level 1 in Spellcasting
  1303 | D:2      | Reached skill level 1 in Conjurations
  1303 | D:2      | Reached skill level 1 in Hexes
  1303 | D:2      | Reached skill level 1 in Summonings
  1303 | D:2      | Reached skill level 1 in Necromancy
  1303 | D:2      | Reached skill level 1 in Translocations
  1303 | D:2      | Reached skill level 1 in Fire Magic
  1303 | D:2      | Reached skill level 1 in Ice Magic
  1303 | D:2      | Reached skill level 1 in Air Magic
  1303 | D:2      | Reached skill level 1 in Earth Magic
  1303 | D:2      | Reached skill level 1 in Alchemy
  1440 | D:2      | Noticed Terence
  1524 | D:2      | Found Mussarin's Weapon Shoppe.
  1671 | D:2      | Reached XP level 4. HP: 24/33 MP: 0/0
  2072 | D:2      | Slain by a quokka

Illustrated notes

Levels and vault maps discovered:
D:1:      denvon_arrival_planthouse, layout_loops_cross
D:2:      layout_loops_corners, serial_shops, nicolae_shop_rolling_square,
          uniq_terence

Skill      XL: |  1  2  3 |
---------------+----------+-----
Stealth        | 1 2 |  2.0
Fighting       | 2 |  2.0
Spellcasting   | 1 |  1.6
Conjurations   | 1 |  1.6
Hexes          | 1 |  1.6
Summonings     | 1 |  1.6
Necromancy     | 1 |  1.6
Translocations | 1 |  1.6
Fire Magic     | 1 |  1.6
Ice Magic      | 1 |  1.6
Air Magic      | 1 |  1.6
Earth Magic    | 1 |  1.6
Alchemy        | 1 |  1.6
Armour         | |  1.0
Dodging        | |  2.1
Evocations     | |  3.0

Action                     |  1- 3 |  4- 6 || total
---------------------------+-------+-------++-------
  Melee: Club              |     8 |       ||     8
         Dagger            |   200 |    51 ||   251
         Short sword       |       |     9 ||     9
  Evoke: Wand              |     4 |     2 ||     6
 Armour: Leather armour    |    67 |       ||    67
         Storm dragon scal |    97 |    27 ||   124
         Skin              |       |    15 ||    15
  Dodge: Dodged            |   103 |    31 ||   134

Table legend: (Time is in decaauts)
 A = Elapsed time spent in this place.
 B = Non-inter-level travel time spent in this place.
 C = Inter-level travel time spent in this place.
 D = Time resting spent in this place.
 E = Time spent auto-exploring this place.
 F = Levels seen in this place.
 G = Mean time per level.
                   A        B        C        D        E       F      G
               +--------+--------+--------+--------+--------+-----+--------+
         Total |   2073 |   2016 |     57 |    301 |   1142 |   2 | 1036.5 |
       Dungeon |   2073 |   2016 |     57 |    301 |   1142 |   2 | 1036.5 |
               +--------+--------+--------+--------+--------+-----+--------+

Top non-repeatable levels by time:
     D:2: 1044 daAuts
     D:1: 1029 daAuts
